 Dungeon Crawl Stone Soup version 0.30-a0-6-g7c9e10e132 (webtiles) character file.

Game seed: 11754981094076289938

187 Setbun the Magician (level 5, 0/36 HPs)
             Began as a Djinni Ice Elementalist on Aug 22, 2022.
             Slain by a phantom (5 damage)
             ... on level 4 of the Dungeon.
             The game lasted 00:03:29 (4132 turns).

Setbun the Magician (Djinni Ice Elementalist)       Turns: 4132, Time: 00:03:29

Health: 0/36       AC:  4    Str:  7    XL:     5   Next: 99%
Gold:   198        EV: 12    Int: 18    God:
                   SH:  0    Dex: 14

rFire   + + .      SeeInvis .    (no weapon)
rCold   x . .      Faith    .    (no shield)
rNeg    . . .      Spirit   .    a - +0 robe
rPois   ∞          Reflect  .    f - +1 helmet
rElec   .          Harm     .    (no cloak)
rCorr   .          Rampage  .    (no gloves)
Will    .....                    (boots unavailable)
Stlth   ++........               (no amulet)
HPRegen 0.12/turn                (no ring)
MPRegen 0.00/turn                (no ring)

@: flying
A: sickness immunity, fire resistance 2, cold vulnerability 1, float, innate
caster, HP casting, extra vitality 1
a: no special abilities


You were on level 4 of the Dungeon.
You visited 1 branch of the dungeon, and saw 4 of its levels.

You collected 198 gold pieces.

Inventory:

Armour
 a - a +0 robe (worn)
 f - a +1 helmet (worn)
Scrolls
 c - a scroll of amnesia {unknown}
 d - a scroll of silence {unknown}
 e - 3 scrolls of fear {unknown}
 i - 4 scrolls of identify {unknown}
Potions
 b - a potion of mutation {unknown}
 g - a potion of haste {unknown}
 h - a potion of might {unknown}
 j - a potion of heal wounds {unknown}


   Skills:
 + Level 0.3 Fighting
 + Level 2.5 Dodging
 - Level 1.5 Stealth
 + Level 0.1 Unarmed Combat
 * Level 5.1 Spellcasting


You couldn't memorise any spells.
You knew the following spells:

 Your Spells              Type           Power      Damage    Failure   Level
a - Freeze                Ice            92%        1d10      1%          1
b - Frozen Ramparts       Ice            46%        1d7       4%          3
c - Ozocubu's Armour      Ice            23%        N/A       4%          3
d - Hailstorm             Conj/Ice       23%        3d7       16%         4
e - Apportation           Tloc           46%        N/A       1%          1
f - Searing Ray           Conj           46%        2d6       2%          2
Your spell library was empty.

Dungeon Overview and Level Annotations

Branches:
Dungeon (4/15)
 Temple: D:4-7

Altars:
Cheibriados
Uskayaw


Innate Abilities, Weirdness & Mutations

You are immune to sickness and miasma.
You are immune to poison.
Your flesh is very heat resistant. (rF++)
You are vulnerable to cold. (rC-)
You float through the air rather than walking.
You learn spells naturally, not from books.
Your magical power is your life essence.
You have superior vitality. (+4 MHP)


Message History

You finish channelling your searing ray.
The phantom hits you but does no damage.
You are too injured to fight recklessly!
You are too injured to fight recklessly!
You are too injured to fight recklessly!
You are too injured to fight recklessly!
Aiming: Searing Ray (safe; 2% risk of failure)
Press: ? - help, Q - select action, (/) - cycle Shift-Dir - straight line, f - phantom
Aim: a phantom (69% to hit)
The searing ray hits the phantom.
The phantom is lightly damaged. (Press . to maintain the ray.)
The phantom hits you.
Unknown command.
Restarting spell: Searing Ray (safe; 2% risk of failure)
Press: ? - help, Q - select action, (/) - cycle Shift-Dir - straight line, f/p - phantom
Aim: a phantom (lightly damaged, 69% to hit)
The searing ray hits the phantom!
The phantom is heavily damaged. (Press . to maintain the ray.)
* * * LOW HITPOINT WARNING * * *
The phantom hits you.
* * * LOW HITPOINT WARNING * * *
Restarting spell: Searing Ray (safe; 2% risk of failure)
Press: ? - help, Q - select action, (/) - cycle Shift-Dir - straight line, f/p - phantom
Aim: a phantom (heavily damaged, 69% to hit)
The searing ray hits the phantom.
The phantom is severely damaged. (Press . to maintain the ray.)
* * * LOW HITPOINT WARNING * * *
The phantom hits you but does no damage.
Restarting spell: Searing Ray (safe; 2% risk of failure)
Press: ? - help, Q - select action, (/) - cycle Shift-Dir - straight line, f/p - phantom
Aim: a phantom (severely damaged, 69% to hit)
The searing ray hits the phantom.
The phantom is almost destroyed. (Press . to maintain the ray.)
* * * LOW HITPOINT WARNING * * *
The phantom hits you.
You die...

#.. .. ##.## ##
#...##
...##....#### .#
....(.......#...
#....>.........#
#(.....@W.....#
#.....<).......
..........(.....
##..............
#..............
#...............
##..............
#..........#...
####......##.#


You could see a phantom.

Vanquished Creatures
  2 orc priests (D:3)
  An orc wizard (D:3)
  3 adders
  An ufetubus (D:4)
  A worm (D:3)
  10 orcs (D:3)
  6 bats
  6 endoplasms
  A giant cockroach (D:3)
  4 goblins
  5 hobgoblins
  4 jackals (D:1)
  A quokka (D:1)
  4 ball pythons
  3 frilled lizards
  5 kobolds
  3 rats
60 creatures vanquished.

Notes
Turn   | Place    | Note
-------+----------+-------------------------------------------
     0 | D:1      | Setbun the Djinni Ice Elementalist began the quest for the
                  | Orb.
     0 | D:1      | Setbun set off with the following spells memorised: Freeze,
                  | Frozen Ramparts, Ozocubu's Armour, Hailstorm.
     0 | D:1      | Reached XP level 1. HP: 15/15 MP: 0/0
   360 | D:1      | Reached XP level 2. HP: 11/21 MP: 0/0
   729 | D:1      | Found a faded altar of an unknown god.
  1239 | D:2      | Reached XP level 3. HP: 24/25 MP: 0/0
  1239 | D:2      | Learned a level 1 spell: Apportation
  1590 | D:2      | Reached skill level 4 in Spellcasting
  2335 | D:2      | Reached XP level 4. HP: 30/31 MP: 0/0
  2879 | D:3      | Found a snail-covered altar of Cheibriados.
  3176 | D:3      | Reached XP level 5. HP: 33/35 MP: 0/0
  3176 | D:3      | Learned a level 2 spell: Searing Ray
  3850 | D:3      | Reached skill level 5 in Spellcasting
  4085 | D:3      | Found a hide-covered altar of Uskayaw.
  4120 | D:4      | Noticed a phantom
  4132 | D:4      | Slain by a phantom

Illustrated notes

Levels and vault maps discovered:
D:1:      evilmike_arrival_plus, layout_basic, shapermc_ecumenical_altar_ellora
D:2:      layout_loops_corners
D:3:      minmay_evil_eye, layout_basic, cheibriados_altar_1,
          nicolae_uskayaw_suspiria
D:4:      layout_cave_pools, kennysheep_little_box,
          worldfamousw_hep_ancestral_shrine, minmay_temple_entry_sparse_star

Skill      XL: |  1  2  3  4  5 |
---------------+----------------+-----
Spellcasting   | 4 5 |  5.1
Fighting       | |  0.3
Dodging        | |  2.5
Stealth        | |  1.5
Unarmed Combat | |  0.1

Action                   |  1- 3 |  4- 6 || total
-------------------------+-------+-------++-------
Melee: Unarmed           |    14 |     3 ||    17
 Cast: Freeze            |    42 |    23 ||    65
       Searing Ray       |       |    20 ||    20
Armor: Robe              |    15 |    10 ||    25
Dodge: Dodged            |    36 |    26 ||    62

Table legend: (Time is in decaauts)
 A = Elapsed time spent in this place.
 B = Non-inter-level travel time spent in this place.
 C = Inter-level travel time spent in this place.
 D = Time resting spent in this place.
 E = Time spent auto-exploring this place.
 F = Levels seen in this place.
 G = Mean time per level.
                   A        B        C        D        E       F      G
               +--------+--------+--------+--------+--------+-----+--------+
         Total |   4131 |   3997 |    134 |      0 |   3649 |   4 | 1032.8 |
       Dungeon |   4131 |   3997 |    134 |      0 |   3649 |   4 | 1032.8 |
               +--------+--------+--------+--------+--------+-----+--------+

Top non-repeatable levels by time:
     D:3: 1530 daAuts
     D:2: 1355 daAuts
     D:1: 1232 daAuts
     D:4: 12 daAuts
